 Dungeon Crawl Stone Soup version 0.23-a0-241-g3b46b07 (webtiles) character file.

51 mandick the Sneak (level 3, -1/16 HPs)
             Began as a Spriggan Enchanter on Sept 26, 2018.
             Slain by a quasit (2 damage)
             ... on level 2 of the Dungeon.
             The game lasted 00:08:16 (2605 turns).

mandick the Sneak (Spriggan Enchanter)              Turns: 2605, Time: 00:08:17

Health: -1/16      AC:  2    Str:  4      XL:     3   Next: 57%
Magic:  2/8        EV: 17    Int: 17      God:
Gold:   95         SH:  0    Dex:  6 (16) Spells: 3/7 levels left

rFire    . . .     SeeInvis +   a - +1 dagger
rCold    . . .     Gourm    .   (shield restricted)
rNeg     . . .     Faith    .   b - +0 robe
rPois    .         Spirit   .   (helmet restricted)
rElec    .         Reflect  .   (no cloak)
rCorr    +         Harm     .   (gloves unavailable)
MR       .....                  (boots unavailable)
Stlth    +++.......             (no amulet)
HPRegen  0.05/turn              e - ring of resist corrosion
MPRegen  0.11/turn              h - ring of wizardry

@: very quick
A: very small, unfitting armour, see invisible, herbivore, speed 3, slow
metabolism 2
a: no special abilities


You were on level 2 of the Dungeon.
You were very hungry.

You visited 1 branch of the dungeon, and saw 2 of its levels.

You collected 95 gold pieces.

Inventory:

Hand Weapons
 a - a +1 dagger (weapon)
Armour
 b - a +0 robe (worn)
Jewellery
 e - a ring of resist corrosion (left hand)
 h - a ring of wizardry (right hand)
Scrolls
 f - 2 scrolls of identify {unknown}
Potions
 c - a potion of curing {unknown}
 g - a potion of might {unknown}
 i - a potion of invisibility {unknown}
Comestibles
 d - 3 rations


   Skills:
 - Level 1.1 Short Blades
 + Level 3.9 Dodging
 * Level 6.0 Stealth
 - Level 2.6 Spellcasting
 + Level 4.1 Hexes


You had 3 spell levels left.
You knew the following spells:

 Your Spells              Type           Power        Failure   Level  Hunger
a - Corona                Hex            ###....      1%          1    #......
b - Confuse               Hex            ###.....     4%          3    ###....

Your spell library contained the following spells:

 Spells                   Type           Power        Failure   Level  Hunger
 Ensorcelled Hibernation  Hex/Ice        #.....       4%          2    ##.....
 Tukima's Dance           Hex            ###.....     4%          3    ###....
 Dazzling Spray           Conj/Hex       #.....       9%          3    ###....


Dungeon Overview and Level Annotations

Branches:
Dungeon (2/15)

Altars:
Okawaru
Sif Muna


Innate Abilities, Weirdness & Mutations

You are very small and have problems with some larger weapons.
You are too small for most types of armour.
You have supernaturally acute eyesight. (SInv)
You are a herbivore.
You cover ground extremely quickly.
You need to consume almost no food.


Message History

The quasit bites you.
* * * LOW HITPOINT WARNING * * *
The quasit claws you but does no damage.
The quasit misses you.
Casting: Corona (safe; 1% risk of failure)
Confirm with . or Enter, or press ? or * to list all spells.
Aiming: Confuse (safe; 4% risk of failure)
Press: ? - help, Shift-Dir - straight line, f/p - quasit
Aim: a quasit (lightly wounded, softly glowing, chance to defeat MR: 55%)
The quasit appears confused.
The quasit bites you.
* * * LOW HITPOINT WARNING * * *
You feel clumsy.
The quasit claws you but does no damage.
The quasit claws you.
* * * LOW HITPOINT WARNING * * *
You strike the helpless quasit from behind!
You hit the quasit.
The quasit is heavily wounded.
The quasit bites you.
You die...

#(#..##..####..#.# ###.#.#
#.##.##.## ##...# #...#.#
#.##..#.# ##..# #.###.#
#.###.#.# #..# #.# #.# ##.#
#...# ####..# #.# #.# #..#
########.....####.###.#
#.#########...##........##.#
...............##..####....###
...###########.<@5## ###....#
.<.# #.##................ ...#
...##########.###.##. .###
#.#### #.# ..# ...######## ..#
.# ##.......# .... . #######.#
#.## ## #.


You could see a quasit (confused).

Vanquished Creatures
  An adder (D:2)
  A worm (D:2)
  2 dart slugs (D:1)
  A leopard gecko (D:1)
  4 bats
  3 giant cockroaches
  5 goblins
  4 hobgoblins (D:1)
  3 jackals (D:1)
  2 frilled lizards
  2 kobolds (D:1)
  4 rats (D:1)
32 creatures vanquished.

Notes
Turn   | Place    | Note
-------+----------+-------------------------------------------
     0 | D:1      | mandick the Spriggan Enchanter began the quest for the Orb.
     0 | D:1      | Reached XP level 1. HP: 9/9 MP: 5/5
   353 | D:1      | Reached skill level 5 in Stealth
   353 | D:1      | Reached XP level 2. HP: 13/13 MP: 4/6
  1347 | D:1      | Reached XP level 3. HP: 8/16 MP: 5/8
  1511 | D:1      | Learned a level 3 spell: Confuse
  1926 | D:2      | Found an iron altar of Okawaru.
  1926 | D:2      | Found a deep blue altar of Sif Muna.
  2019 | D:2      | Reached skill level 6 in Stealth
  2605 | D:2      | Slain by a quasit

Vault maps used:
D:1:      dpeg_arrival_arbitrary_c, minmay_misc_feat_five
D:2:      gammafunk_temple_overflow_pools

Skill      XL: |  1  2  3 |
---------------+----------+-----
Stealth        | 5 6 |  6.0
Hexes          | 4 |  4.1
Short Blades   | |  1.1
Dodging        | |  3.9
Spellcasting   | |  2.6

Action                   || total
-------------------------++-------
Melee: Dagger            ||   180
 Cast: Corona            ||    27
       Confuse           ||    13
 Stab: Sleeping          ||     3
       Confused          ||     3
       Distracted        ||     2
Armor: Robe              ||    35
Dodge: Dodged            ||   210

Table legend:
 A = Non-vault XP
 B = Vault XP
 C = Vault XP percentage of total XP
 D = Non-vault monster count
 E = Vault monster count
 F = Vault count percentage of total count
                 A         B        C        D         E       F
            +---------+---------+-------+---------+---------+-------
      Total |      73 |       0 |   0.0 |      32 |       0 |   0.0
            +---------+---------+-------+---------+---------+-------
        D:1 |      46 |       0 |   0.0 |      25 |       0 |   0.0
        D:2 |      27 |       0 |   0.0 |       7 |       0 |   0.0
            +---------+---------+-------+---------+---------+-------
